 Dungeon Crawl Stone Soup version 0.28.0-56-g4927b6849a (webtiles) character file.

Game seed: 16903965941446576051

55 NotaViper the Slasher (level 3, 0/33 HPs)
             Began as a Minotaur Monk on Feb 3, 2023.
             Slain by a gnoll
             ... wielding a +3 halberd
              (2 damage)
             ... on level 2 of the Dungeon.
             The game lasted 00:15:35 (850 turns).

NotaViper the Slasher (Minotaur Monk)                Turns: 850, Time: 00:15:37

Health: 0/33       AC:  5    Str: 17    XL:     3   Next: 67%
Magic:  2/2        EV: 11    Int:  7    God:
Gold:   15         SH:  0    Dex: 12    Spells: 2/2 levels left

rFire   . . .      SeeInvis .   l - +0 hunting sling (freeze)
rCold   . . .      Faith    .   (no shield)
rNeg    . . .      Spirit   .   j - +0 ring mail
rPois   .          Reflect  .   (helmet restricted)
rElec   .          Harm     .   (no cloak)
rCorr   .          Rampage  .   (no gloves)
Will    .....                   (no boots)
Stlth   +.........              (no amulet)
HPRegen 0.11/turn               (no ring)
MPRegen 0.08/turn               (no ring)

@: no status effects
A: horns 2, retaliatory headbutt
a: no special abilities


You were on level 2 of the Dungeon.
You visited 1 branch of the dungeon, and saw 2 of its levels.

You collected 15 gold pieces.

Inventory:

Hand Weapons
 a - a +1 falchion
 d - a +0 flail
 l - a +0 hunting sling of freezing (weapon)
 n - a +0 dagger
 o - a +0 short sword
 q - a +0 whip
 r - a +0 whip
 t - a +3 dagger
Missiles
 c - 2 boomerangs
 f - 31 sling bullets (quivered ammo)
 h - 6 silver boomerangs
 m - 22 stones
Armour
 b - a +0 robe
 j - a +0 ring mail (worn)
Magical Staves
 p - a staff of earth
Wands
 s - a wand of paralysis (12)
Scrolls
 g - a scroll of amnesia
 k - 2 scrolls of enchant weapon
Potions
 e - a potion of brilliance {unknown}
 i - a potion of might {unknown}


   Skills:
 + Level 4.2 Fighting
 + Level 4.6 Long Blades
 + Level 0.2 Throwing
 + Level 3.8 Dodging
 + Level 1.7 Stealth


You had 2 spell levels left.
You didn't know any spells.
Your spell library was empty.

Dungeon Overview and Level Annotations

Branches:
Dungeon (2/15)

Altars:


Innate Abilities, Weirdness & Mutations

You have a pair of horns on your head.
You reflexively headbutt those who attack you in melee.


Message History

You shoot a sling bullet. The sling bullet hits the goblin.
The sling bullet freezes the goblin.
You kill the goblin!
f - 32 sling bullets (gained 1)
Things that are here:
a +3 dagger; a goblin corpse
t - a +3 dagger You open the door. 4 gnolls come into view.
The gnoll shouts! x3
Found a scroll labelled VASILEWKAP.
Found a stone staircase leading down.
The gnoll shouts!
There is an open door here.
Your +0 hunting sling of freezing stops glowing.
a - a +1 falchion (weapon)
The gnoll barely misses you.
You barely miss the gnoll.
A giant cockroach comes into view.
The gnoll closely misses you. The gnoll hits you with a +0 club!
You closely miss the gnoll. The gnoll hits you with a +0 whip!
The gnoll closely misses you.
Your +0 hunting sling of freezing is covered in frost.
l - a +0 hunting sling of freezing (weapon)
The gnoll hits you with a +0 whip.
The gnoll hits you from afar with a +3 halberd!
* * * LOW HITPOINT WARNING * * *
The gnoll completely misses you.
There are monsters nearby!
Really attack while wielding your +0 hunting sling of freezing? [Y]es or [N]o only, please.
Really attack while wielding your +0 hunting sling of freezing?
Okay, then.
Fire: 32 sling bullets
Press: ? - help, Q - select action, (/) - cycle Shift-Dir - straight line, f - gnoll
Aim: a gnoll, wielding a +0 club (63% to hit)
You shoot a sling bullet.
The sling bullet closely misses the gnoll.
The sling bullet hits the gnoll but does no damage.
The gnoll hits you from afar with a +3 halberd.
You die...

**,****##.#####.#####.#####.#
*,*,,,,...................#.#
**,****##.###...#####.###.#.#
*,* #........# #.......## *,*
#####...## #........# *,* ##.##
#.###.##.# *,* #.# #.# #.##.#
****,** #.# #.# #....# *,,,,,*
*#@#* #.# ####.# *,,,,,* *#ggg#*
#.######.# *,,,,,** *#..g..#*
#........# *,,,,,,**
*#...?...#*####†###.#
*,,,,,,,***#.........####...##.#
,,,,,,,,,,..B...>....+.........#
***,*,,,,............###....####
*,*,,**##.#.......## #.#.##
**,*,** *,**,,,,,** #.###


You could see 4 gnolls and a giant cockroach.

Vanquished Creatures
  Natasha (D:2)
  4 endoplasms
  2 giant cockroaches (D:1)
  2 goblins (D:2)
  2 hobgoblins (D:1)
  4 jackals (D:1)
  5 ball pythons
  3 bats
  A frilled lizard (D:2)
  3 kobolds (D:1)
  A rat (D:2)
28 creatures vanquished.

Vanquished Creatures (others)
  2 fungi (D:1)
  3 plants (D:1)
5 creatures vanquished.

Grand Total: 33 creatures vanquished

Notes
Turn   | Place    | Note
-------+----------+-------------------------------------------
     0 | D:1      | NotaViper the Minotaur Monk began the quest for the Orb.
     0 | D:1      | Reached XP level 1. HP: 19/19 MP: 0/0
    73 | D:1      | You fall into a shaft and drop 1 floor!
   138 | D:2      | Noticed Natasha
   142 | D:2      | Killed Natasha
   143 | D:2      | Reached XP level 2. HP: 19/27 MP: 1/1
   143 | D:2      | Reached XP level 3. HP: 23/33 MP: 2/2
   521 | D:1      | Found a faded altar of an unknown god.
   850 | D:2      | Slain by a gnoll

Illustrated notes

Levels and vault maps discovered:
D:1:      minmay_arrival_semitransparent, layout_basic, serial_shops,
          nicolae_diamond_shop, shapermc_ecumenical_altar_mp_urbaneastern,
          minmay_misc_feat_pillars
D:2:      layout_loops_corners, uniq_natasha

Skill      XL: |  1 |
---------------+----+-----
Fighting       | 4 |  4.2
Long Blades    | 4 |  4.6
Throwing       | |  0.2
Dodging        | |  3.8
Stealth        | |  1.7

Action                   || total
-------------------------++-------
Melee: Falchion          ||    61
       Headbutt          ||    11
 Fire: Hunting sling     ||     3
Throw: Boomerang         ||     9
  Use: Scroll            ||     3
 Stab: Sleeping          ||     1
Armor: Robe              ||     4
       Ring mail         ||     8
Dodge: Dodged            ||    32
